 Dungeon Crawl Stone Soup version 0.19-a0-790-ge39e1af (webtiles) character file.

1215 AlphabetPasta the Charmwright (level 8, -5/40 HPs)
             Began as a Vine Stalker Skald on June 26, 2016.
             Slain by a wyvern skeleton (9 damage)
             ... on level 6 of the Dungeon.
             The game lasted 00:24:58 (4324 turns).

AlphabetPasta the Charmwright (Vine Stalker Skald)  Turns: 4324, Time: 00:24:59

Health: -5/40      AC:  7    Str: 14    XL:     8   Next: 46%
Magic:  0/14       EV: 13    Int: 13    God:
Gold:   218        SH:  0    Dex: 16    Spells: 5 memorised, 3 levels left

rFire  . . .     SeeInvis .     t - +1 trident
rCold  . . .     Gourm    .     b - +0 leather armour
rNeg   . . .     Faith    .     (no shield)
rPois  .         Spirit   +     (no helmet)
rElec  .         Dismiss  .     (no cloak)
rCorr  .         Reflect  .     j - +2 pair of gloves
SustAt .         Harm     .     B - +0 pair of boots
MR     +....                    (no amulet)
Stlth  +.........               (no ring)
                                (no ring)

@: about to teleport, infused, somewhat resistant to hostile enchantments, very
unstealthy
A: fangs 3, regeneration 2, magic shield, antimagic bite, no device heal 3, rot
immunity
a: no special abilities


You were on level 6 of the Dungeon.
You were not hungry.

You visited 1 branch of the dungeon, and saw 6 of its levels.

You collected 218 gold pieces.

Inventory:

Hand Weapons
 a - a +0 spear
 t - a +1 trident (weapon)
Armour
 b - a +0 leather armour (worn)
 j - a +2 pair of gloves (worn)
 v - a +0 ring mail
 B - a +0 pair of boots (worn)
Jewellery
 m - an uncursed amulet of magic regeneration {unknown}
Wands
 r - a wand of acid (10/15)
 u - a wand of lightning (7/15)
 w - a wand of lightning (10/15)
 x - a wand of confusion (29/48)
Scrolls
 q - a scroll of recharging {unknown}
 y - a scroll of enchant armour
Potions
 g - a potion of heal wounds
 i - a potion of agility
 k - a potion of invisibility
 l - a potion of ambrosia {unknown}
 n - a potion of haste {unknown}
 o - a potion of degeneration {unknown}
 p - 3 potions of lignification {unknown}
 z - a potion of brilliance {unknown}
Books
 c - a book of Battle

   Spells                             Type                      Level
   a - Infusion                       Charms                       1
   b - Shroud of Golubria             Charms/Translocation         2
   c - Song of Slaying                Charms                       2
   d - Spectral Weapon                Hexes/Charms                 3
   e - Regeneration                   Charms/Necromancy            3
Comestibles
 d - 3 bread rations
 f - 2 beef jerkies
 h - 3 meat rations
 s - 2 fruits
 A - 8 chunks of flesh


   Skills:
 + Level 3.4 Fighting
 * Level 4.5 Polearms
 + Level 3.0 Armour
 + Level 2.9 Dodging
 + Level 3.9 Spellcasting
 * Level 5.8 Charms


You had 3 spell levels left.
You knew the following spells:

 Your Spells              Type           Power        Failure   Level  Hunger
a - Infusion              Chrm           ###.         2%          1    None
b - Song of Slaying       Chrm           ###.....     4%          2    ##.....
c - Shroud of Golubria    Chrm/Tloc      ##........   14%         2    ##.....
d - Regeneration          Chrm/Necr      ##........   28%         3    ###....
e - Spectral Weapon       Hex/Chrm       ##......     28%         3    ###....


Dungeon Overview and Level Annotations

Branches:
Dungeon (6/15)
 Temple: D:4-7

Altars:
Elyvilon
Okawaru
Uskayaw

Annotations:
D:4 miek's ghost, amateur OgWz


Innate Abilities, Weirdness & Mutations

You have razor-sharp teeth.
You heal very quickly.
When hurt, damage is shared between your health and your magic reserves.
Your bite disrupts and absorbs the magic of your enemies.
Potions and wands cannot restore your health.
You are immune to rotting.


Message History

The gnoll sergeant is moderately wounded.
The wyvern skeleton bites you!
* * * LOW HITPOINT WARNING * * *
The wyvern skeleton closely misses you. The gnoll sergeant closely misses you.
The wyvern skeleton bites you but does no damage.
You see here a stone.
You see here a stone.
You see here 2 stones.
The wyvern skeleton bites you!
* * * LOW HITPOINT WARNING * * *
An adder skeleton comes into view.
As you read the scroll of teleportation, it crumbles to dust.
You feel strangely unstable.
The adder skeleton moves out of view.
The wyvern skeleton closely misses you. The wyvern skeleton barely misses you.
Your surroundings seem slightly different.
The gnoll sergeant closely misses you.
As you read the scroll of teleportation, it crumbles to dust.
You feel strangely unstable. The wyvern skeleton bites you!
You die...

. #### .. ...# ####### ... ...#
##.....## ..%. ...# ##.......##
..... ...#
#######.........###......
...####.....)...sg(((..([).....
........#####...Z.....###......
...###### #...@......# .....
..)# #......÷...##.g.... ...##
##............. P.. ....###
#...........#.≈ ≈. ###...###
#..........## § .
###...#####.........##
###....#......./..#
####..............
#.....#.......>#.


You could see a gnoll sergeant, a scorpion and a wyvern skeleton.

Vanquished Creatures
  A phantom (D:5)
  A sky beast (D:5)
  2 ogres
  A necrophage (D:5)
  Blork the orc (D:5)
  A howler monkey (D:4)
  2 crimson imps
  A giant frog zombie (D:6)
  2 centaur zombies (D:6)
  A hound (D:6)
  Jessica (D:3)
  A centaur skeleton (D:4)
  Terence (D:3)
  Natasha (thrice) (D:2)
  4 orc wizards
  A worker ant (D:5)
  A howler monkey zombie (D:6)
  A worker ant zombie (D:6)
  3 gnolls (D:6)
  3 adders
  A shadow imp (D:5)
  An adder skeleton (D:6)
  An adder zombie (D:6)
  A worm (D:2)
  A dart slug (D:1)
  6 giant geckos
  15 orcs
  2 ball pythons (D:5)
  7 giant cockroaches
  6 hobgoblins
  4 jackals
  13 kobolds
  3 quokkas
  16 bats
  2 giant gecko skeletons
  A giant gecko zombie (D:6)
  4 giant newts
  6 goblins
  2 jackal zombies (D:6)
  10 rats
134 creatures vanquished.

Vanquished Creatures (others)
  A quokka (D:3)
1 creature vanquished.

Grand Total: 135 creatures vanquished

Notes
Turn   | Place    | Note
--------------------------------------------------------------
     0 | D:1      | AlphabetPasta the Vine Stalker Skald began the quest for the Orb.
     0 | D:1      | Reached XP level 1. HP: 11/11 MP: 4/4
    58 | D:1      | Reached skill level 1 in Armour
   111 | D:1      | Reached skill level 1 in Dodging
   111 | D:1      | Reached XP level 2. HP: 13/15 MP: 3/6
   128 | D:1      | Learned a level 2 spell: Song of Slaying
   131 | D:1      | Learned a level 2 spell: Shroud of Golubria
   271 | D:1      | Reached XP level 3. HP: 15/18 MP: 7/7
   591 | D:2      | You fall through a shaft!
   806 | D:2      | Noticed Natasha
   817 | D:2      | Killed Natasha
   817 | D:2      | Reached XP level 4. HP: 9/23 MP: 3/9
   901 | D:2      | Learned a level 3 spell: Regeneration
  1109 | D:2      | Noticed Natasha
  1122 | D:2      | Killed Natasha
  1122 | D:2      | Reached XP level 5. HP: 14/26 MP: 2/10
  1524 | D:2      | Noticed Natasha
  1534 | D:2      | Killed Natasha
  1634 | D:3      | Noticed Terence
  1758 | D:3      | Reached skill level 4 in Charms
  1759 | D:3      | Noticed an ogre
  1767 | D:3      | Killed an ogre
  1767 | D:3      | Gained mutation: You heal very quickly. [Vine Stalker growth]
  1767 | D:3      | Reached XP level 6. HP: 30/30 MP: 3/11
  2041 | D:3      | Killed Terence
  2088 | D:3      | Found a white marble altar of Elyvilon.
  2201 | D:3      | Noticed Jessica
  2210 | D:3      | Killed Jessica
  2484 | D:4      | Noticed a dagger
  2484 | D:4      | Noticed a hand axe
  2486 | D:4      | Found a hide-covered altar of Uskayaw.
  2687 | D:4      | Noticed miek's ghost (amateur OgWz)
  3013 | D:4      | Reached XP level 7. HP: 22/35 MP: 11/13
  3300 | D:5      | Entered Level 5 of the Dungeon
  3330 | D:5      | Noticed Blork the orc
  3515 | D:5      | Killed Blork the orc
  3548 | D:5      | Learned a level 3 spell: Spectral Weapon
  3570 | D:5      | Found an iron altar of Okawaru.
  3597 | D:5      | Reached skill level 5 in Charms
  3922 | D:5      | Gained mutation: You have razor-sharp teeth. [Vine Stalker growth]
  3922 | D:5      | Reached XP level 8. HP: 32/40 MP: 8/14
  4318 | D:6      | HP: 1/40 [wyvern skeleton (10)]
  4324 | D:6      | Slain by a wyvern skeleton

Vault maps used:
D:1:      lightli_arrival_noodles, minmay_hexomino_f4
D:2:      first_bread, uniq_natasha
D:3:      elyvilon_altar_4, st_stairs_10, uniq_jessica, uniq_terence
D:4:      dancing_weapons_uskayaw, kennysheep_generic_room_8
D:5:      okawaru_trees_1, uniq_blork_the_orc
D:6:      serial_undead, serial_undead_f, serial_undead_b, serial_undead_e,
          serial_undead_a, serial_undead_c, serial_undead_f, serial_undead_e

Skill      XL: |  1  2  3  4  5  6  7  8 |
---------------+-------------------------+-----
Polearms       | 2 3 4 |  4.5
Armour         | 1 2 3 |  3.0
Dodging        | 1 2 |  2.9
Fighting       | 2 3 |  3.4
Charms         | 4 5 |  5.8
Spellcasting   | 3 |  3.9

Action                   |  1- 3 |  4- 6 |  7- 9 || total
-------------------------+-------+-------+-------++-------
Melee: Spear             |   173 |   203 |       ||   376
       Bite              |    33 |    64 |    46 ||   143
       Trident           |       |    34 |   194 ||   228
 Cast: Infusion          |       |    13 |    11 ||    24
  Use: Scroll            |       |     3 |     4 ||     7
       Potion            |       |     1 |       ||     1
 Stab: Sleeping          |       |     2 |     1 ||     3
  Eat: Chunk             |       |     7 |     3 ||    10
       Fruit             |       |     1 |     1 ||     2
Armor: Leather armour    |    75 |    54 |    46 ||   175
Dodge: Dodged            |   126 |   106 |   101 ||   333
